 Dungeon Crawl Stone Soup version 0.31-a0-339-gda1cbd555d (webtiles) character file.

Game seed: 17711749464934328940

124488 jt the Metamorph (level 16, -6/141 HPs)
             Began as a Naga Shapeshifter on July 20, 2023.
             Was an Elder of Uskayaw.
             Mangled by a faun
             ... wielding a +0 spear
             ... led by a satyr
              (30 damage)
             ... on level 3 of the Shoals.
             The game lasted 01:49:13 (28107 turns).

jt the Metamorph (Naga Shapeshifter)               Turns: 28107, Time: 01:49:14

Health: -6/141     AC: 20    Str: 29    XL:     16   Next: 93%
Magic:  17/24      EV: 10    Int: 18    God:    Uskayaw [****..]
Gold:   2048       SH:  0    Dex: 11    Spells: 15/21 levels left

rFire   . .          .
                       - Unarmed
rCold   + . .        (no shield)
rNeg    . . .        H - melded +0 steam dragon scales
rPois   +            Z - +2 helmet {Int+3}
rElec   .            M - scarf {repulsion}
rCorr   .            f - +2 pair of gloves {Str+3}
SInv    +            d - +2 barding {Stlth+}
Will    +....        a - amulet of regeneration
Stlth   ++           t - ring of protection from cold
HPRegen 1.23/turn    W - +6 ring of strength
MPRegen 0.19/turn

%: repel missiles
@: lit by a corona, maw-form, weak-willed, glowing, very slow
A: devouring maw, AC +5, large, see invisible, deformed body, poison resistance,
slowness 2, spit poison 1, naga tail 2
a: Spit Poison, Begin Untransformation, Renounce Religion, Stomp, Line Pass


You were on level 3 of the Shoals.
You worshipped Uskayaw.
Uskayaw was aware of your devotion.
You were a creature with a mouth for a stomach.
You visited 6 branches of the dungeon, and saw 27 of its levels.
You also visited: Ossuary.

You collected 2790 gold pieces.
You spent 742 gold pieces at shops.

Inventory:

Hand Weapons
 T - the +6 sling of Wounding {freeze, rElec Will+ Dex+4}
   (You found it on level 7 of the Dungeon)

   Dex:       It affects your dexterity (+4).
   rElec:     It insulates you from electricity.
   Will:      It increases your willpower.
Missiles
 A - 8 throwing nets
 Q - a curare-tipped dart
 U - 38 poisoned darts
Armour
 d - a +2 barding of stealth (worn)
 f - a +2 pair of gloves of strength (worn)
 x - a +0 kite shield
 H - +0 steam dragon scales (melded)
 M - a scarf of repulsion (worn)
 X - a +1 cloak of preservation
 Z - a +2 helmet of intelligence (worn)
Magical Staves
 u - the staff "Rareth" {rElec rN++ Will- Int+2 Conj}
   (You found it on level 9 of the Dungeon)

   [staff of conjuration]

   Base accuracy: +5 Base damage: 5 Base attack delay: 1.2 This weapon's minimum
   attack delay (0.6) is reached at skill level 12.
   Int:       It affects your intelligence (+2).
   rElec:     It insulates you from electricity.
   rN:        It greatly protects you from negative energy.
   Conj:      It increases the power of your Conjurations spells.
   Will:      It decreases your willpower.
   It falls into the 'Staves' category.
   It is a one-handed weapon.
Jewellery
 a - an amulet of regeneration (around neck)
 k - a ring of wizardry
 q - a ring of positive energy
 t - a ring of protection from cold (left hand)
 S - a ring of protection from cold
 W - a +6 ring of strength (right hand)
Talismans
 n - a maw talisman
 w - a storm talisman
 P - a blade talisman
Wands
 h - a wand of acid (5)
 o - a wand of charming (2)
 r - a wand of polymorph (4)
 y - a wand of mindburst (29)
 G - a wand of roots (3)
 K - a wand of flame (35)
 N - a wand of digging (4)
Scrolls
 g - 2 scrolls of blinking
 i - 5 scrolls of immolation
 j - 2 scrolls of fog
 s - 4 scrolls of identify
 v - 3 scrolls of poison
 D - 5 scrolls of teleportation
 R - a scroll of silence
 V - 2 scrolls of vulnerability
 Y - a scroll of summoning
Potions
 b - 3 potions of lignification
 l - 9 potions of curing
 m - 2 potions of resistance
 p - 6 potions of brilliance
 z - 6 potions of ambrosia
 B - 7 potions of attraction
 C - a potion of haste
 E - a potion of might
 F - 2 potions of cancellation
 I - 3 potions of mutation
 O - 3 potions of enlightenment
Miscellaneous
 c - a lightning rod (4/4)
 e - a piece from Xom's chessboard (15/15)
 J - a box of beasts
 L - a phial of floods


   Skills:
 + Level 8.4 Fighting
 - Level 2.0 Throwing
 - Level 11.4 Armour
 + Level 7.3 Dodging
 - Level 4.0 Stealth
 + Level 14.3 Unarmed Combat
 - Level 3.0 Spellcasting
 - Level 3.0 Conjurations
 - Level 6.0 Ice Magic
 - Level 11.2 Invocations
 - Level 3.0 Evocations
 + Level 15.3 Shapeshifting


You had 15 spell levels left.
You knew the following spells:

 Your Spells              Type           Power      Damage    Failure   Level
a - Frozen Ramparts       Ice            48%        1d8       4%          3
b - Hailstorm             Conj/Ice       18%        3d6       8%          3

Your spell library contained the following spells:

 Spells                   Type           Power      Damage    Failure   Level
 Freeze                   Ice            96%        1d10      1%          1
 Ensorcelled Hibernation  Hex/Ice        26%        N/A       7%          2
 Kiss of Death            Conj/Necr      32%        2d7       9%          1
 Static Discharge         Conj/Air       16%        2-3/arc   13%         2
 Necrotise                Necr           8%         1d4       16%         1
 Slow                     Hex            8%         N/A       16%         1
 Passwall                 Tmut/Erth      1%         N/A       24%         2
 Sublimation of Blood     Necr           2%         N/A       24%         2
 Wereblood                Tmut           2%         N/A       24%         2
 Call Canine Familiar     Summ           2%         N/A       43%         3
 Confusing Touch          Hex            2%         N/A       43%         3
 Gell's Gravitas          Tloc           2%         N/A       43%         3
 Inner Flame              Hex/Fire       2%         N/A       43%         3
 Portal Projectile        Hex/Tloc       4%         N/A       43%         3
 Swiftness                Air            2%         N/A       43%         3
 Teleport Other           Tloc           2%         N/A       43%         3
 Tukima's Dance           Hex            2%         N/A       43%         3
 Vampiric Draining        Necr           2%         2d6       43%         3
 Flame Wave               Conj/Fire      8%         2d5       65%         4
 Iskenderun's Mystic Bla  Conj/Tloc      8%         2d4       65%         4
 Sticky Flame             Conj/Fire      8%         2d3       65%         4
 Iskenderun's Battlesphe  Conj           13%        2d7       78%         5
 Airstrike                Air            1%         2d(1-17)  85%         4
 Dispel Undead            Necr           2%         3d7       85%         4
 Leda's Liquefaction      Hex/Erth       1%         N/A       85%         4
 Passage of Golubria      Tloc           2%         N/A       85%         4
 Summon Lightning Spire   Summ/Air       2%         N/A       85%         4
 Fireball                 Conj/Fire      4%         3d4       94%         5
 Irradiate                Conj/Tmut      4%         3d13      94%         5
 Agony                    Necr           2%         N/A       99%         5
 Lee's Rapid Deconstruct  Erth           1%         3d4*      99%         5
 Silence                  Hex/Air        1%         N/A       99%         5
 Conjure Ball Lightning   Conj/Air       4%         3x3d6     100%        6
 Dispersal                Tloc           1%         N/A       100%        6
 Leda's Unmaking          Conj/Erth      4%         9d2       100%        6
 Orb of Destruction       Conj           6%         9d6       100%        7
 Summon Hydra             Summ           1%         N/A       100%        7
 Lehudib's Crystal Spear  Conj/Erth      4%         10d3      100%        8


Dungeon Overview and Level Annotations

Branches:
Dungeon (15/15)            Temple (1/1) D:5            Lair (5/5) D:9
 Shoals (3/4) Lair:3       Spider (0/4) Lair:2        Slime (0/5) Lair:4
    Orc (2/2) D:12            Elf (1/3) Orc:2        Vaults (0/5) D:14
 Depths (0/4) D:15        Ossuary (visited)

Altars:
Ashenzari
Cheibriados
Dithmenos
Elyvilon
Fedhas
Gozag
Hepliaklqana
Kikubaaqudgha
Makhleb
Nemelex Xobeh
Okawaru
Qazlal
Ru
Sif Muna
Trog
Uskayaw
Vehumet
Wu Jian
Xom
Yredelemnul
Zin
The Shining One
Jiyva

Shops:
D:3 (   D:5 *=   D:7 *   D:9 [   D:12 [   D:14 [   Orc:2 [*([

Annotations:
D:6 Maggie
D:8 1 runed translucent door
Lair:2 exclusion: oklob plant
Shoals:3 2 transporters


Innate Abilities, Weirdness & Mutations

You are a creature with a mouth for a stomach.
Your midsection houses a second, enormous mouth.
Your serpentine skin is tough. (AC +5)
You have supernaturally acute eyesight. (SInv)
Armour fits poorly on your strangely shaped body.
Your system is resistant to poisons. (rPois)
You cover ground very slowly.
You can spit poison.
You can use your snake-like lower body to constrict enemies.


Message History

The sea snake hisses angrily.
The grasping roots constrict the satyr.
The grasping roots constrict the faun!
The grasping roots constrict the faun. x2
You hear an angry hiss.
You hear a shout!
The satyr plays a rousing melody on its pipes!
The fauns go into a battle-frenzy!
The faun hits you but does no damage. The faun hits you with a +0 club.
* * * LOW HITPOINT WARNING * * *
The faun hits you with a +0 quarterstaff!!
* * * LOW HITPOINT WARNING * * *
The faun closely misses you.
Uskayaw will force your foes to helplessly watch your dance.
Uskayaw prepares the audience for your solo!
You attempt to attack the satyr, but flinch away in fear!
You are no longer terrified.
The grasping roots constrict the satyr.
The grasping roots constrict the faun. x3
Press: ? - help, v - describe, . - travel
Here: a satyr, wielding a +0 longbow (almost dead, paralysed, constricted by roots)
The floor, spattered with blood.
You feel better.
The grasping roots constrict the satyr!
You kill the satyr!
The grasping roots constrict the faun! x2
You kill the faun!
The grasping roots constrict the faun!
The roots release their grip on the faun.
Uskayaw will force your foes to share their pain.
Uskayaw links your audience in an emotional bond!
Press: ? - help, v - describe, . - travel
Here: a faun, wielding a +0 spear (severely wounded, strong, paralysed, constricted by roots, sharing its pain)
The floor.
The helpless faun fails to defend itself.
You punch the faun!
You kill the faun!
The faun is almost dead.
The grasping roots constrict the faun.
You kill the faun!
The faun is no longer paralysed.
A centaur comes into view.
The faun hits you with a +0 spear!!
You die...

.................. ......
.....E~~~~........####......
......~~~~~..~~.###.#...~...
.....~~~~~~~..#####.<#
.....~~~~~~~..###....###.
.....~~~~~~~.)...).....c..
~.~~~~~~~~~....)).~~......
~~~~~~~~~E~.....)........~.
~~~~~≈≈~~P~~.###W..........
≈≈≈≈≈≈≈~~~S~P #c..........
≈≈≈≈≈≈≈~~~~P. .....(......
≈≈≈≈≈≈≈~P~~.. ...~~~......
≈≈~~~~.....~~~.....
≈≈~~~~~....~~~~...
~~~~.~~~~~... P##.~~~~~~~~..


You could see a faun (strong, pain bonded), a water elemental and a centaur.

Vanquished Creatures
  An orc warlord (D:13)
  A stone giant (D:15)
  A fire dragon (Lair:5)
  A merfolk avatar (Shoals:2)
  A vault guard (D:14)
  4 hydras
  2 ogre magi
  7 two-headed ogres
  A merfolk aquamancer (Shoals:3)
  4 boulder beetles
  A death knight (D:14)
  2 satyrs (Shoals:3)
  2 dancing weapons (Elf:1)
  6 death yaks (Lair:1)
  7 centaur warriors
  5 tengu warriors
  6 orc high priests (Orc:2)
  5 deep elf knights
  A sea snake (Shoals:2)
  2 swamp dragons
  Pikel (D:7)
  6 deep elf pyromancers
  3 harpies (Lair:3)
  16 orc knights
  A necromancer (D:13)
  6 fauns (Shoals:3)
  6 cyclopes
  2 wolf spiders (Lair:5)
  14 ugly things
  5 manticores
  4 orc sorcerers
  22 elephants
  2 black mambas (shapeshifter)
  11 black mambas
  A water nymph (Shoals:3)
  4 merfolk sirens (Shoals:2)
  A guardian serpent (Lair:5)
  A gargoyle (D:10)
  A torpor snail (Lair:5)
  14 cane toads
  9 komodo dragons
  2 efreet
  An unseen horror (D:14)
  7 rime drakes
  A yaktaur (D:14)
  2 kobold demonologists
  A tengu conjurer (D:14)
  3 merfolk
  A meliai (D:9)
  6 trolls
  5 polar bears
  3 hornets
  4 wind drakes
  17 dream sheep
  13 blink frogs (Lair:5)
  2 jumping spiders (Lair:2)
  5 water elementals
  4 culicivoras (Lair:2)
  An air elemental (Elf:1)
  4 slime creatures
  A centaur simulacrum (D:14)
  A vampire (D:14)
  A culicivora (shapeshifter) (D:14)
  12 wyverns
  39 yaks
  2 wraiths (D:12)
  4 basilisks
  5 steam dragons
  Grum (D:11)
  5 redbacks
  2 wargs
  6 acid dragons
  20 water moccasins
  2 swamp drakes (Lair:5)
  4 black bears
  58 orc warriors
  2 ice beasts (D:7)
  27 wolves
  7 ogres
  4 kobold brigands
  5 bullfrogs
  4 gnoll sergeants (D:9)
  12 scorpions
  2 water moccasin zombies (Ossuary)
  A wight (D:9)
  8 killer bees
  An electric eel (D:15)
  A howler monkey (D:13)
  4 jellies
  5 hounds
  25 orc priests
  5 gnoll boudas
  9 iguanas
  A sleepcap (D:6)
  11 orc wizards
  10 hell rats
  4 polar bear simulacra (D:13)
  A yak simulacrum (D:13)
  2 wolf simulacra (D:13)
  2 mummies (Ossuary)
  31 gnolls
  7 adders
  4 white imps
  An ufetubus (D:5)
  6 adder zombies (Ossuary)
  2 worms (D:2)
  2 dart slugs
  93 orcs
  12 bats
  10 endoplasms
  5 giant cockroaches
  11 goblins
  9 hobgoblins
  7 jackals
  4 quokkas
  11 ball pythons
  3 frilled lizards
  4 gnoll zombies (Ossuary)
  5 hobgoblin zombies (Ossuary)
  28 kobolds
  2 kobold zombies (Ossuary)
  3 orc zombies (Ossuary)
  7 rats
  4 river rat simulacra (D:13)
859 creatures vanquished.

Vanquished Creatures (collateral kills)
  A yak (D:9)
  A gnoll (D:9)
2 creatures vanquished.

Vanquished Creatures (others)
  A centaur (Shoals:3)
  A gnoll sergeant (D:9)
  A hound (D:9)
3 creatures vanquished.

Grand Total: 864 creatures vanquished

Notes
Turn   | Place    | Note
-------+----------+-------------------------------------------
     0 | D:1      | jt the Naga Shapeshifter began the quest for the Orb.
     0 | D:1      | Reached XP level 1. HP: 18/18 MP: 1/1
    63 | D:1      | Reached skill level 1 in Stealth
   106 | D:1      | Reached XP level 2. HP: 17/25 MP: 2/2
   461 | D:1      | Reached XP level 3. HP: 24/31 MP: 3/3
  1358 | D:2      | Reached XP level 4. HP: 33/38 MP: 4/4
  2249 | D:3      | Identified the amulet of Suspected Treachery {Reflect
                  | *Corrode MP-9 Dex+6 SH+5}
  2557 | D:3      | Found a faded altar of an unknown god.
  2561 | D:3      | Prayed at the altar of an unknown god.
  2561 | D:3      | Became a worshipper of Uskayaw the Reveller
  2561 | D:3      | Reached * piety under Uskayaw
  2838 | D:3      | Found Fuatuiq's Antique Weapon Emporium.
  3116 | D:4      | Reached ** piety under Uskayaw
  3122 | D:4      | Reached XP level 5. HP: 39/45 MP: 0/5
  3618 | D:3      | Reached XP level 6. HP: 26/55 MP: 1/6
  4136 | D:4      | Reached skill level 1 in Invocations
  4155 | D:4      | Reached XP level 7. HP: 59/62 MP: 6/8
  4376 | D:4      | Reached skill level 4 in Shapeshifting
  4383 | D:4      | Reached *** piety under Uskayaw
  4386 | D:4      | Reached **** piety under Uskayaw
  4398 | D:4      | Reached ***** piety under Uskayaw
  4593 | D:5      | Entered Level 5 of the Dungeon
  4593 | D:5      | Found Doast's Assorted Antiques.
  4597 | D:5      | Bought a scroll labelled HUORHI WAOCK for 30 gold pieces
  4597 | D:5      | Bought a bubbling black potion for 27 gold pieces
  4597 | D:5      | Bought a white potion for 27 gold pieces
  4597 | D:5      | Bought a golden potion for 27 gold pieces
  4660 | D:5      | Found a shimmering blue altar of Sif Muna.
  4661 | D:5      | You fall into a shaft and drop 1 floor!
  4749 | D:6      | Identified a scroll of acquirement
  4749 | D:6      | Acquired a +0 barding of stealth
  4823 | D:6      | Noticed Maggie
  4887 | D:6      | Reached skill level 5 in Unarmed Combat
  4887 | D:6      | Reached XP level 8. HP: 56/72 MP: 9/9
  4956 | D:6      | Found a sand-covered staircase.
  4968 | Ossuary  | Entered an ossuary
  5021 | Ossuary  | Reached skill level 1 in Evocations
  5376 | D:6      | Reached skill level 5 in Shapeshifting
  5699 | D:6      | Found a blossoming altar of Fedhas.
  5794 | D:6      | Identified the +3 flail "No More Talking" {flame, Will+
                  | Int+3 Dex-5}
  5951 | D:5      | Reached skill level 1 in Armour
  5988 | D:5      | Found Noen's Jewellery Emporium.
  6388 | D:5      | Found a staircase to the Ecumenical Temple.
  6397 | Temple   | Entered the Ecumenical Temple
  6542 | D:5      | Bought a jewelled iron wand for 120 gold pieces
  6820 | D:5      | Reached XP level 9. HP: 75/78 MP: 10/10
  6831 | D:5      | Found a broken altar of Ashenzari.
  7080 | D:6      | Reached skill level 6 in Shapeshifting
  7864 | D:7      | Found an ancient bone altar of Kikubaaqudgha.
  7865 | D:7      | Found a sparkling altar of Nemelex Xobeh.
  7878 | D:7      | Identified the +6 sling of Wounding {freeze, rElec Will+
                  | Dex+4}
  7916 | D:7      | Reached skill level 5 in Armour
  8025 | D:7      | Found a stormy altar of Qazlal.
  8028 | D:7      | Found an ornate altar of the Wu Jian Council.
  8030 | D:7      | Found a hazy altar of Hepliaklqana.
  8091 | D:7      | Reached skill level 7 in Shapeshifting
  8193 | D:7      | Noticed a cyclops
  8267 | D:7      | Found Zin's Purification Station.
  8270 | D:7      | Found a glowing silver altar of Zin.
  9191 | D:8      | Reached skill level 8 in Shapeshifting
  9490 | D:8      | Reached skill level 9 in Shapeshifting
  9490 | D:8      | Reached XP level 10. HP: 38/85 MP: 11/11
  9500 | D:8      | Reached ****** piety under Uskayaw
  9885 | D:8      | Reached skill level 10 in Shapeshifting
 10263 | D:8      | Found a runed translucent door.
 10264 | D:8      | Found a burning altar of Makhleb.
 10264 | D:8      | Noticed a sixfirhy
 10517 | D:9      | Found Pot Naewk's Armour Shoppe.
 10517 | D:9      | Found a staircase to the Lair.
 10760 | D:9      | Bought a +2 helmet of intelligence for 279 gold pieces
 10807 | D:9      | Noticed a kobold demonologist
 10823 | D:9      | Killed a kobold demonologist
 10915 | D:8      | Reached skill level 11 in Shapeshifting
 11379 | D:9      | Noticed a centaur warrior
 11386 | D:9      | Reached XP level 11. HP: 32/91 MP: 12/12
 11718 | Lair:1   | Entered Level 1 of the Lair of Beasts
 11849 | Lair:1   | Reached skill level 1 in Throwing
 12294 | Lair:1   | HP: 4/83 [polar bear (11)]
 12294 | Lair:1   | HP: 1/83 [polar bear (3)]
 12661 | Lair:1   | Noticed a death yak
 12662 | Lair:1   | Noticed a death yak
 12667 | Lair:1   | Noticed a death yak
 12670 | Lair:1   | Noticed a death yak
 12681 | Lair:1   | Noticed a death yak
 12682 | Lair:1   | Noticed a death yak
 12684 | Lair:1   | Killed a death yak
 12685 | Lair:1   | Killed a death yak
 12687 | Lair:1   | Killed a death yak
 12689 | Lair:1   | Killed a death yak
 12690 | Lair:1   | Killed a death yak
 12703 | Lair:1   | Killed a death yak
 12704 | Lair:1   | Reached skill level 5 in Invocations
 12704 | Lair:1   | Reached skill level 12 in Shapeshifting
 12704 | Lair:1   | Reached XP level 12. HP: 60/99 MP: 15/15
 13393 | Lair:2   | Acquired a +0 pair of gloves of strength
 13638 | Lair:2   | Found a hole to the Spider Nest.
 14071 | Lair:2   | Found a blossoming altar of Fedhas.
 14236 | Lair:3   | Identified the +8 falchion of Qebe {heavy, rElec Int+3}
 14641 | D:9      | Killed a centaur warrior
 14681 | D:9      | Reached skill level 10 in Unarmed Combat
 14907 | D:10     | Entered Level 10 of the Dungeon
 14942 | D:10     | Noticed a two-headed ogre
 14954 | D:10     | Killed a two-headed ogre
 15000 | D:10     | Gained mutation: You can use your snake-like lower body to
                  | constrict enemies. [Naga growth]
 15000 | D:10     | Reached XP level 13. HP: 105/105 MP: 19/19
 15100 | D:10     | Reached skill level 13 in Shapeshifting
 15417 | D:11     | Noticed Grum
 15429 | D:11     | Killed Grum
 15920 | D:11     | Found a sparkling altar of Nemelex Xobeh.
 16595 | Lair:3   | Found a staircase to the Shoals.
 16679 | Lair:4   | Found a staircase to the Slime Pits.
 16679 | Lair:4   | Found a viscous altar of Jiyva.
 17097 | Lair:4   | Reached skill level 10 in Invocations
 17124 | Lair:4   | Found a transporter.
 17250 | Lair:4   | Found a transporter.
 17553 | Lair:5   | Entered Level 5 of the Lair of Beasts
 17578 | Lair:5   | Reached XP level 14. HP: 85/112 MP: 21/21
 17688 | Lair:4   | Learned a level 3 spell: Frozen Ramparts
 17816 | Lair:5   | Reached skill level 14 in Shapeshifting
 18161 | Lair:5   | Reached skill level 1 in Spellcasting
 18161 | Lair:5   | Reached skill level 1 in Ice Magic
 18247 | Lair:5   | Found a glowing silver altar of Zin.
 19448 | D:7      | Noticed Pikel
 19458 | D:7      | Killed Pikel
 19625 | D:12     | Found Urchepte's Armour Emporium.
 19626 | D:12     | Found a staircase to the Orcish Mines.
 19765 | D:12     | Found an ornate altar of the Wu Jian Council.
 20017 | Orc:1    | Entered Level 1 of the Orcish Mines
 20030 | D:12     | Reached XP level 15. HP: 69/122 MP: 23/23
 20292 | Orc:1    | Reached skill level 5 in Fighting
 20352 | Orc:1    | Found a bloodstained altar of Trog.
 20769 | Orc:2    | Entered Level 2 of the Orcish Mines
 20969 | Orc:2    | Found a staircase to the Elven Halls.
 21074 | Orc:2    | Reached skill level 5 in Ice Magic
 21304 | Orc:2    | Found a runed translucent door.
 21750 | Orc:2    | Reached skill level 5 in Dodging
 21758 | Orc:2    | Found Hem Iti's Assorted Antiques.
 21758 | Orc:2    | Found Jeqayvae's Antique Weapon Boutique.
 21759 | Orc:2    | Found Qoawekai's Antique Armour Boutique.
 21760 | Orc:2    | Found Duaty's Antique Armour Boutique.
 21765 | Orc:2    | Bought 2 silvery potions for 45 gold pieces
 21765 | Orc:2    | Bought a scroll of enchant armour for 187 gold pieces
 22557 | D:9      | Identified the +8 longbow "Ururod" {heavy, rF+ rN+ Will-
                  | Stlth+}
 22829 | D:9      | Identified the staff "Rareth" {rElec rN++ Will- Int+2 Conj}
 23342 | D:13     | Identified the +2 morningstar "Iwoot" {freeze, Dex+3}
 23342 | D:13     | Identified the +4 scale mail "Xeicuol" {Fly Regen+ Str-3
                  | Int+4}
 23350 | D:13     | Identified the +10 mace of Propriety {spect, Str+4}
 23494 | D:13     | Reached skill level 10 in Armour
 23569 | D:13     | Identified the +0 scale mail of Grace {rF+}
 23598 | D:13     | Noticed an orc warlord
 23616 | D:13     | Killed an orc warlord
 23624 | D:13     | Found an iron altar of Okawaru.
 23969 | D:13     | Learned a level 3 spell: Hailstorm
 24671 | D:14     | Reached skill level 1 in Conjurations
 24828 | D:14     | Reached XP level 16. HP: 132/135 MP: 24/24
 25093 | D:14     | Found Boczah's Armour Emporium.
 25418 | D:14     | Found a gate to the Vaults.
 25774 | D:15     | Entered Level 15 of the Dungeon
 26135 | D:15     | Reached skill level 15 in Shapeshifting
 26136 | D:15     | Found a staircase to the Depths.
 27151 | Elf:1    | Entered Level 1 of the Elven Halls
 27628 | Shoals:1 | Entered Level 1 of the Shoals
 27795 | Shoals:3 | Found a transporter.
 27806 | Shoals:3 | Found a transporter.
 28107 | Shoals:3 | Mangled by a faun

Illustrated notes

Levels and vault maps discovered:
D:1:      mainiacjoe_arrival_reflecting_pool, layout_basic
D:2:      layout_loops_corners, minivault_19, minmay_misc_feat_cross,
          minmay_misc_feat_tower
D:3:      layout_loops_ring, hellmonk_ecumenical_altar_defaced_shrine,
          serial_shops, nicolae_shop_rolling_square
D:4:      old_forge, layout_loops_ring
D:5:      layout_loops_corners, marbit_many_paths,
          mainiacjoe_overflow_concentric_impassable, lemuel_temple_firewalk_a,
          serial_shops, nicolae_shop_hallway_stairs, grunt_decor_resistance,
          minmay_shop_enchanted_jewellery, minmay_checkerbox
D:6:      layout_loops_corners, old_standard_altar, enter_ossuary_1, uniq_maggie
D:7:      layout_gridville, zin_purify, grunt_temple_overflow_open, uniq_pikel
D:8:      layout_layer_cave, nzn_makhleb_speed_demon
D:9:      minmay_the_grid_plus_closed [minmay_the_grid_spikes,
          minmay_the_grid_mess, minmay_the_grid_slots, minmay_the_grid_empty,
          minmay_the_grid_prize_trominoes], layout_cross, lair_entry_dummy,
          serial_gnoll_camp, gnoll_camp_mini_basic, gnoll_camp_mini_sergeant,
          gnoll_camp_medium_01, gnoll_camp_mini_doghouse, gnoll_camp_mini_basic,
          serial_shops, shop
D:10:     layout_rooms
D:11:     layout_roguey, nemelex_spade_bored_becter, uniq_grum
D:12:     layout_basic, orc_david_3, nzn_wu_jian_contemplation
D:13:     evilmike_iron_armoury, layout_stronghold, serial_column_ruins,
          column_ruins_hut, column_ruins_hut_ruined, column_ruins_open_tiny,
          column_ruins_columns_corner, column_ruins_open_tiny,
          column_ruins_grid_1, eino_house_with_fridge
D:14:     layout_stronghold, david_vaults_5, serial_shops, shop, minivault_23
D:15:     grunt_enter_depths_snipers, layout_grid_maze, serial_bayou,
          serial_bayou_shore_b, serial_bayou_ford_a, serial_bayou_lake_a,
          serial_bayou_pond_b, serial_bayou_pond_d
Temple:   nicolae_temple_bog_church
Lair:1:   layout_small_grid, serial_bayou_shore_b
Lair:2:   layout_chaotic_city, nicolae_spider_entry_tight_spaces, tgw_fedhas
Lair:3:   layout_cave_shapes, nicolae_shoals_entry_roost
Lair:4:   gammafunk_cloud_chamber, layout_hall_layers,
          nicolae_slime_entry_slimehenge
Lair:5:   guppyfry_lair_end_dragon, layout_loops_ring,
          hangedman_lair_tendril_chambers, basic_altar
Shoals:1: layout_shoals, nicolae_shop_self_help
Shoals:2: layout_shoals
Shoals:3: cheibrodos_shoals_satyrical_garden, layout_shoals,
          serial_nicolae_subway, nicolae_sub_station_metal,
          nicolae_sub_station_stone, nicolae_sub_station_crystal
Orc:1:    layout_diamond_mine, trog_butcher_becter
Orc:2:    st_orc_pillars, layout_caves, dreamdust_deal_with_the_devil,
          lightli_church_of_beogh
Elf:1:    kennysheep_six_static_rooms, layout_loops_ring, minmay_elf_necromancy

Skill      XL: |  1  2  3  4  5  6  7  8  9 10 11 12 13 14 15 16 |
---------------+-------------------------------------------------+-----
Stealth        | 2 4 |  4.0
Dodging        | 2 3 4 5 7 |  7.3
Fighting       | 2 3 4 6 8 |  8.4
Unarmed Combat | 4 5 8 10 11 12 13 14 | 14.3
Invocations    | 1 2 5 8 10 11 | 11.2
Shapeshifting  | 4 5 9 11 12 13 14 15 | 15.3
Evocations     | 3 |  3.0
Armour         | 4 5 6 7 8 10 11 | 11.4
Throwing       | 2 |  2.0
Spellcasting   | 3 |  3.0
Ice Magic      | 4 6 |  6.0
Conjurations   | 1 3 |  3.0

Action                     |  1- 3 |  4- 6 |  7- 9 | 10-12 | 13-15 | 16-18 || total
---------------------------+-------+-------+-------+-------+-------+-------++-------
  Melee: Unarmed           |    61 |    89 |   425 |   573 |   949 |   204 ||  2301
         Punch             |     1 |     2 |    20 |    41 |   104 |    26 ||   194
         Maw               |       |       |       |   112 |   253 |    69 ||   434
         Dagger            |       |       |       |     1 |       |       ||     1
         Constrict         |       |       |       |       |   226 |    48 ||   274
   Fire: Sling             |       |       |     6 |     4 |    12 |       ||    22
  Throw: Dart              |       |       |    11 |    33 |    30 |     1 ||    75
         Boomerang         |       |       |       |     2 |       |       ||     2
   Cast: Frozen Ramparts   |       |       |       |       |    27 |    11 ||    38
         Hailstorm         |       |       |       |       |     5 |    39 ||    44
 Invoke: Line Pass         |       |       |       |     1 |     2 |     1 ||     4
         Grand Finale      |       |       |       |     1 |     3 |     1 ||     5
         Stomp             |       |       |       |     1 |     2 |     2 ||     5
Ability: Spit Poison       |    30 |    50 |    49 |   103 |   140 |    21 ||   393
         Begin Untransform |       |       |     2 |       |       |       ||     2
  Evoke: Wand              |       |       |     3 |    16 |     9 |     5 ||    33
    Use: Scroll            |       |     6 |    13 |    13 |    11 |     1 ||    44
         Potion            |       |       |     3 |     9 |     1 |     4 ||    17
   Stab: Sleeping          |     1 |     1 |    11 |     6 |    11 |     5 ||    35
         Paralysed         |       |       |    17 |    29 |    76 |    17 ||   139
         Held in net/web   |       |       |     1 |       |       |       ||     1
         Confused          |       |       |       |       |     1 |       ||     1
         Fleeing           |       |       |       |       |     1 |       ||     1
         Distracted        |       |       |       |       |     1 |       ||     1
 Armour: Animal skin       |     7 |     7 |    60 |       |       |       ||    74
         Steam dragon scal |       |       |    86 |    19 |       |       ||   105
         Skin              |       |       |    20 |   292 |   521 |   101 ||   934
  Dodge: Dodged            |    37 |    47 |   146 |   225 |   395 |   110 ||   960
         Repelled          |       |       |       |       |     2 |     5 ||     7
  Block: Other             |       |    13 |    66 |    11 |       |       ||    90
   Form: Beast             |       |       |     1 |       |       |       ||     1
         Maw               |       |       |       |     1 |       |       ||     1

Table legend: (Time is in decaauts)
 A = Elapsed time spent in this place.
 B = Non-inter-level travel time spent in this place.
 C = Inter-level travel time spent in this place.
 D = Time resting spent in this place.
 E = Time spent auto-exploring this place.
 F = Levels seen in this place.
 G = Mean time per level.
                   A        B        C        D        E       F      G
               +--------+--------+--------+--------+--------+-----+--------+
         Total |  35054 |  32503 |   2551 |   4734 |  16718 |  28 | 1251.9 |
       Dungeon |  23484 |  21780 |   1704 |   3340 |  11818 |  15 | 1565.6 |
        Temple |      1 |      1 |      0 |      0 |      0 |   1 |    1.0 |
          Lair |   7367 |   6822 |    545 |    763 |   3310 |   5 | 1473.4 |
        Shoals |    536 |    536 |      0 |    175 |      0 |   3 |  178.7 |
  Orcish Mines |   2823 |   2584 |    239 |    300 |   1360 |   2 | 1411.5 |
   Elven Halls |    431 |    371 |     60 |     32 |    229 |   1 |  431.0 |
       Ossuary |    409 |    409 |      0 |    123 |      0 |   1 |  409.0 |
               +--------+--------+--------+--------+--------+-----+--------+

Top non-repeatable levels by time:
     D:8: 2278 daAuts
     D:9: 2192 daAuts
   Orc:2: 2094 daAuts
    D:13: 2051 daAuts
  Lair:5: 1977 daAuts
     D:6: 1873 daAuts
     D:4: 1743 daAuts
  Lair:2: 1732 daAuts
  Lair:1: 1709 daAuts
     D:5: 1704 daAuts
    D:15: 1579 daAuts
     D:7: 1527 daAuts
     D:2: 1512 daAuts
    D:14: 1428 daAuts
     D:1: 1365 daAuts
